 Dungeon Crawl Stone Soup version 0.31-a0-983-g7b6862f502 (webtiles) character file.

Game seed: 11773801875527289156

101 IdlyInterested the Changeling (level 4, -3/33 HPs)
             Began as a Demonspawn Shapeshifter on Nov 2, 2023.
             Slain by a gnoll
             ... wielding a +0 spear
              (7 damage)
             ... on level 2 of the Dungeon.
             The game lasted 00:04:15 (1103 turns).

IdlyInterested the Changeling (DsSh)                Turns: 1103, Time: 00:04:16

Health: -3/33      AC:  4    Str: 16    XL:     4   Next: 48%
Magic:  4/4        EV: 12    Int: 11    God:
Gold:   75         SH:  0    Dex: 13    Spells: 3/3 levels left

rFire   . .          .
                       - Unarmed
rCold   . . .        (no shield)
rNeg    . . .        a - +0 animal skin
rPois   .            (helmet currently unavailable)
rElec   .            (cloak currently unavailable)
rCorr   .            (gloves currently unavailable)
SInv    .            (boots currently unavailable)
Will    .....        (no amulet)
Stlth   +            (no ring)
HPRegen 0.25/turn    (no ring)
MPRegen 0.09/turn

%: no passive effects
@: beast-form
A: beast (slay +2), claws 1, thin metallic scales 1
a: Begin Untransformation


You were on level 2 of the Dungeon.
You were a hulking beast.
You visited 1 branch of the dungeon, and saw 2 of its levels.

You collected 75 gold pieces.

Inventory:

Hand Weapons
 i - a +0 short sword
 k - a +0 mace
 l - a +2 dagger of protection
 m - a +0 hand axe
Missiles
 e - 20 stones
Armour
 a - a +0 animal skin (worn)
 o - a +0 buckler
Talismans
 c - a beast talisman
 d - a flux talisman
 f - a maw talisman
Scrolls
 j - a scroll of teleportation {unknown}
Potions
 b - a potion of lignification
 g - 2 potions of degeneration {unknown}
 h - a potion of brilliance {unknown}
 n - a potion of haste {unknown}
 p - a potion of cancellation {unknown}


   Skills:
 + Level 2.0 Fighting
 - Level 1.7 Dodging
 - Level 3.0 Unarmed Combat
 * Level 4.1 Shapeshifting


You had 3 spell levels left.
You didn't know any spells.
Your spell library contained the following spells:

 Spells                   Type           Power      Damage    Failure   Level
 Freeze                   Ice            0%         1d3       34%         1
 Frozen Ramparts          Ice            0%         1d1       71%         3
 Hailstorm                Conj/Ice       0%         3d3       71%         3


Dungeon Overview and Level Annotations

Branches:
Dungeon (2/15)

Altars:

Shops:
D:1 [


Innate Abilities, Weirdness & Mutations

You are a hulking beast.
Your limbs bulge with bestial killing power. (Slay +2)
You have sharp fingernails.
You are partially covered in thin metallic scales. (AC +2)


Message History

A gnoll comes into view. It is wielding a +0 halberd.
The goblin attacks as it pursues you! The goblin hits you but does no damage.
The goblin attacks as it pursues you! The goblin barely misses you.
The goblin attacks as it pursues you! The goblin barely misses you.
The goblin attacks as it pursues you! The goblin closely misses you.
Okay, then.
The goblin attacks as it pursues you! The goblin hits you but does no damage.
The goblin attacks as it pursues you! The goblin hits you but does no damage.
The goblin attacks as it pursues you! The goblin hits you with a +0 club.
You scratch the goblin.
The goblin is heavily wounded.
You scratch the goblin.
You kill the goblin!
Throw: 21 stones
Press: ? - help, Shift-Dir - straight line, f - gnoll
Aim: a gnoll, wielding a +0 flail (63% to hit)
You throw a stone.
The stone hits the gnoll but does no damage.
You closely miss the gnoll. The gnoll hits you but does no damage.
The gnoll hits you from afar with a +0 spear.
You claw the gnoll!
The gnoll is heavily wounded.
The gnoll barely misses you.
The gnoll hits you from afar with a +0 spear.
You barely miss the gnoll.
The gnoll is heavily wounded.
The gnoll hits you with a +0 spear. The gnoll hits you with a +0 halberd.
The gnoll hits you with a +0 flail.
Things that are here:
a +0 club; a goblin corpse You scratch the gnoll.
The gnoll is lightly wounded.
The gnoll hits you but does no damage. The gnoll hits you with a +0 halberd!
* * * LOW HITPOINT WARNING * * *
The gnoll barely misses you.
Unknown command.
You barely miss the gnoll.
The gnoll is lightly wounded.
The gnoll hits you with a +0 spear!
You die...

#### ###....# #......##
#.......### #........g##
#...8...#hg##
########..8>8..##g.#
..........÷8...###.######
........................#
........÷.........g.....#
....†...###..##.........# .
..........##.###..##...## ..
..........##.# #.###.#......
.............###g#..........


You could see 3 gnolls.

Vanquished Creatures
  5 adders (D:2)
  2 dart slugs
  2 ball pythons
  A bat (D:2)
  4 endoplasms
  3 giant cockroaches
  3 goblins
  4 hobgoblins
  8 jackals (D:1)
  A quokka (D:1)
  5 frilled lizards
  A kobold (D:1)
  14 rats
53 creatures vanquished.

Notes
Turn   | Place    | Note
-------+----------+-------------------------------------------
     0 | D:1      | IdlyInterested the Demonspawn Shapeshifter began the quest
                  | for the Orb.
     0 | D:1      | Reached XP level 1. HP: 15/15 MP: 1/1
    58 | D:1      | Reached skill level 3 in Shapeshifting
    58 | D:1      | Gained mutation: You have sharp fingernails. [demonic
                  | ancestry]
    58 | D:1      | Reached XP level 2. HP: 21/21 MP: 2/2
   276 | D:1      | Found a faded altar of an unknown god.
   450 | D:1      | Gained mutation: You are partially covered in thin metallic
                  | scales. (AC +2) [demonic ancestry]
   450 | D:1      | Reached XP level 3. HP: 27/27 MP: 3/3
   497 | D:1      | Found Naatwa's Antique Armour Boutique.
   841 | D:2      | Reached XP level 4. HP: 33/33 MP: 4/4
   912 | D:2      | Reached skill level 4 in Shapeshifting
  1103 | D:2      | Slain by a gnoll

Illustrated notes

Levels and vault maps discovered:
D:1:      lemuel_arrival_cross, layout_basic,
          shapermc_ecumenical_altar_totnotflames, serial_shops,
          nicolae_lakefront_shop
D:2:      layout_rooms, st_stairs_14, minmay_rat_gold_closets

Skill      XL: |  1  2  3  4 |
---------------+-------------+-----
Shapeshifting  | 3 4 |  4.1
Fighting       | 2 |  2.0
Unarmed Combat | 3 |  3.0
Dodging        | |  1.7

Action                     |  1- 3 |  4- 6 || total
---------------------------+-------+-------++-------
  Melee: Unarmed           |    90 |    35 ||   125
         Punch             |     3 |       ||     3
  Throw: Stone             |       |     1 ||     1
   Stab: Sleeping          |     2 |       ||     2
 Armour: Animal skin       |    30 |    26 ||    56
  Dodge: Dodged            |    43 |    19 ||    62

Table legend: (Time is in decaauts)
 A = Elapsed time spent in this place.
 B = Non-inter-level travel time spent in this place.
 C = Inter-level travel time spent in this place.
 D = Time resting spent in this place.
 E = Time spent auto-exploring this place.
 F = Levels seen in this place.
 G = Mean time per level.
                   A        B        C        D        E       F      G
               +--------+--------+--------+--------+--------+-----+--------+
         Total |   1096 |   1075 |     21 |     98 |    582 |   2 |  548.0 |
       Dungeon |   1096 |   1075 |     21 |     98 |    582 |   2 |  548.0 |
               +--------+--------+--------+--------+--------+-----+--------+

Top non-repeatable levels by time:
     D:1: 669 daAuts
     D:2: 427 daAuts
